AoeStats
← ADominio

Golden Pit

508606076Analyzed
1v1 RM · 8d ago on Sep 23, 2026· 57m 59s· 2 players
Game mode
Random Map
Map size
Tiny (2 player)
Population
200
Speed
Normal
Resources
Standard
Victory
Conquest
Starting age
Dark Age
Ending age
Imperial Age
RankedLock teamsTeams togetherTeam positionsShared explorationLock speedFull tech treeHidden civsTurbo modeCheats
Victory
Defeat
🇲🇽 Spanish · Mexico
967
+16
🇲🇽 Portuguese · Mexico
961
-16
ADominio
2:18 Loom
10:14 Feudal Age
10:40 Double-Bit Axe
15:56 Castle Age
15:41 Gold Mining
17:58 Town Watch
33:40 Imperial Age
31:09 Stone Mining
31:40 Fervor
31:38 Horse Collar
32:41 Wheelbarrow
33:28 Fletching
34:15 Murder Holes
35:24 Bow Saw
35:23 Bodkin Arrow
37:02 Chemistry
37:22 Conscription
39:05 Bracer
42:19 Forging
42:35 Ballistics
43:22 Arquebus
48:31 Pikeman
54:40 Halberdier
56:28 Scale Mail Armor
57:14 Gambesons
F. King Nub
2:30 Loom
15:03 Feudal Age
15:37 Horse Collar
16:06 Double-Bit Axe
21:38 Castle Age
19:42 Stone Mining
23:13 Bow Saw
24:02 Stone Shaft Mining
24:06 Town Watch
26:33 Heavy Plow
31:23 Wheelbarrow
31:07 Masonry
31:20 Fletching
32:07 Town Watch
32:50 Hand Cart
33:26 Scale Barding Armor
33:16 Bodkin Arrow
36:01 Redemption
36:23 Murder Holes
37:04 Chain Barding Armor
36:49 Husbandry
36:59 Bloodlines
36:47 Gold Mining
40:23 Imperial Age
38:05 Town Patrol
39:00 Light Cavalry
39:53 Forging
41:38 Iron Casting
41:39 Plate Barding Armor
40:29 Hussar
42:17 Conscription
42:32 Hoardings
43:06 Architecture
43:43 Chemistry
43:36 Guilds
43:45 Padded Archer Armor
43:52 Elite Skirmisher
44:37 Thumb Ring
46:28 Sanctity
45:51 Cavalier
46:59 Paladin
49:13 Two-Man Saw
52:28 Sappers
Connection lost

Rejoining the realm…

Still unreachable

The connection could not be restored.

Session expired

The server has moved on; the page needs a fresh start.